 Dungeon Crawl Stone Soup version 0.27.1-1-g398f81649c (webtiles) character file.

Game seed: 3376938831504830404

1257 H0rd4k the Insei (level 8, -5/50 HPs)
             Began as an Octopode Transmuter on Sept 8, 2021.
             Was an Initiate of Gozag.
             Slain by a gnoll (12 damage)
             ... on level 7 of the Dungeon.
             The game lasted 00:09:10 (8087 turns).

H0rd4k the Insei (Octopode Transmuter)              Turns: 8087, Time: 00:09:11

Health: -5/50      AC:  1    Str: 10    XL:     8   Next: 51%
Magic:  13/13      EV: 14    Int: 17    God:    Gozag
Gold:   344        SH:  0    Dex: 12    Spells: 6/14 levels left

rFire    . . .     SeeInvis .     - Unarmed
rCold    . . .     Faith    .   (no shield)
rNeg     . . .     Spirit   .   (helmet restricted)
rPois    .         Reflect  .   (no amulet)
rElec    .         Harm     .   a - ring of willpower
rCorr    .         Rampage  .   (no ring)
Will     +....                  (no ring)
Stlth    ++........             (no ring)
HPRegen  0.16/turn              (no ring)
MPRegen  0.13/turn              (no ring)
                                (no ring)
                                (no ring)

@: gold aura, studying Throwing
A: almost no armour, amphibious, 8 rings, camouflage 1, gelatinous body 1,
(nimble swimmer 1), tentacles
a: Renounce Religion, Potion Petition, Call Merchant, Bribe Branch


You were on level 7 of the Dungeon.
You worshipped Gozag.
Gozag was aware of your devotion.
You visited 2 branches of the dungeon, and saw 8 of its levels.

You collected 436 gold pieces.
You paid 92 gold pieces to Gozag.

Inventory:

Missiles
 w - 4 silver boomerangs
Magical Staves
 u - a staff of conjuration
Jewellery
 a - a ring of willpower (left tentacle)
Wands
 c - a wand of iceblast (11)
 g - a wand of digging (5)
 o - a wand of charming (10)
Scrolls
 b - 2 scrolls of vulnerability {unknown}
 f - 6 scrolls of identify {unknown}
 h - 2 scrolls of enchant weapon {unknown}
 k - 3 scrolls of blinking {unknown}
 l - a scroll of torment {unknown}
 p - a scroll of magic mapping {unknown}
 r - a scroll of teleportation {unknown}
 s - a scroll of noise {unknown}
 v - a scroll of silence {unknown}
Potions
 d - 2 potions of invisibility {unknown}
 e - 2 potions of brilliance {unknown}
 i - a potion of berserk rage {unknown}
 j - 3 potions of curing {unknown}
 m - 3 potions of might {unknown}
 n - 2 potions of attraction {unknown}
 q - 2 potions of heal wounds {unknown}
 t - a potion of ambrosia {unknown}


   Skills:
 + Level 1.9 Fighting
 + Level 3.9 Dodging
 + Level 7.1 Unarmed Combat
 + Level 3.6 Spellcasting
 + Level 3.8 Transmutations
 * Level 1.6 Ice Magic
 - Level 4.3 Poison Magic


You had 6 spell levels left.
You knew the following spells:

 Your Spells              Type           Power      Damage    Failure   Level
a - Beastly Appendage     Tmut           32%        N/A       3%          1
b - Spider Form           Tmut/Pois      8%         N/A       10%         3
c - Ice Form              Ice/Tmut       12%        N/A       45%         4

Your spell library contained the following spells:

 Spells                   Type           Power      Damage    Failure   Level
 Wereblood                Tmut           16%        N/A       4%          2
 Passwall                 Tmut/Erth      7%         N/A       12%         2
 Swiftness                Air            3%         N/A       45%         3
 Summon Ice Beast         Ice/Summ       5%         N/A       75%         4
 Summon Mana Viper        Hex/Summ       3%         N/A       99%         5
 Invisibility             Hex            1%         N/A       100%        6
 Monstrous Menagerie      Summ           1%         N/A       100%        7


Dungeon Overview and Level Annotations

Branches:
Dungeon (7/15)             Temple (1/1) D:7

Altars:
Elyvilon
Gozag
Hepliaklqana
Makhleb
Okawaru
Ru
The Shining One

Shops:
D:1 !   D:3 *![[=

Annotations:
D:3 exclusions: adder and upstairs
D:5 exclusion: upstairs
D:6 1 runed translucent door, exclusions: door and phantom, Crazy Yiuf


Innate Abilities, Weirdness & Mutations

You cannot wear most types of armour.
You are amphibious.
You can wear up to eight rings at the same time.
Your skin changes colour to match your surroundings (Stealth+).
Your rubbery body absorbs attacks. (AC +1, EV +1)
((You are camouflaged near water. (Stealth+)))
You have tentacles for arms and can constrict up to eight enemies at once.


Message History

You hit the wight.
You destroy the wight!
A gnoll comes into view. It is wielding a +0 halberd.
Things that are here:
7 gold pieces; a +3 battleaxe of freezing; a +0 robe A gnoll comes into view.
It is wielding a +0 club.
Your transformation is almost over.
The gnoll shouts!
You hear a shout!
The gnoll is distracted by your dazzling golden aura.
The gnoll shaman calls upon its god to speed up the gnoll.
The gnoll seems to speed up.
The gnoll shouts!
The gnoll barely misses you.
Things that are here:
7 gold pieces; a +3 battleaxe of freezing; a +0 robe You bite the gnoll shaman!
The gnoll shaman is poisoned.
The gnoll shaman is moderately wounded.
The gnoll hits you with a +0 halberd! The gnoll shaman barely misses you.
The gnoll hits you with a +0 halberd! The gnoll barely misses you.
The gnoll shaman barely misses you.
You hit the gnoll shaman.
The gnoll shaman looks as sick as possible!
The gnoll shaman is heavily wounded.
The gnoll hits you from afar with a +0 halberd!
* * * LOW HITPOINT WARNING * * *
The gnoll shaman hits you with a +0 whip.
* * * LOW HITPOINT WARNING * * *
The gnoll closely misses you.
Your transformation has ended.
The gnoll shaman invokes the aid of its god against you.
You resist with almost no effort.
A gnoll comes into view. It is wielding a +0 flail.
The gnoll barely misses you.
There is a stone staircase leading up here.
You kill the gnoll shaman!
The gnoll hits you from afar with a +0 halberd.
* * * LOW HITPOINT WARNING * * *
The gnoll hits you from afar with a +0 halberd!
You die...
Your body crumbles into a pile of gold.

##.....##
#........ $
#........
##########........
#!.......$........
#.#...............
#.#.###.#.........
#....$..#.........
#..@.gg...........
#.#.#g#######'###.
#...#.# .# #####g#
g# #.. ####


You could see 3 gnolls.

Vanquished Creatures
  2 yaks (D:7)
  A black bear (D:2)
  2 scorpions (D:5)
  2 water moccasin skeletons
  A killer bee (D:5)
  3 wights
  3 jellies
  A centaur zombie (D:7)
  3 hounds (D:5)
  A bullfrog zombie (D:6)
  A gnoll shaman (D:7)
  An orc wizard (D:5)
  An iguana (D:6)
  A scorpion zombie (D:5)
  2 hound skeletons (D:4)
  2 howler monkey zombies (D:5)
  A gnoll (D:7)
  4 adders
  A white imp (D:7)
  A worm (D:3)
  3 dart slugs
  2 orcs
  2 bats (D:3)
  10 endoplasms
  2 giant cockroaches
  5 goblins
  4 hobgoblins
  9 kobolds
  5 quokkas
  8 ball pythons
  3 frilled lizards
  2 rats
89 creatures vanquished.

Notes
Turn   | Place    | Note
-------+----------+-------------------------------------------
     0 | D:1      | H0rd4k the Octopode Transmuter began the quest for the Orb.
     0 | D:1      | Reached XP level 1. HP: 13/13 MP: 3/3
    86 | D:1      | Found Zaapew's Distillery.
   187 | D:1      | Reached XP level 2. HP: 17/18 MP: 5/5
   921 | D:1      | Reached XP level 3. HP: 20/23 MP: 6/6
  1061 | D:2      | Noticed a black bear
  1117 | D:3      | Found Fuib's Distillery.
  1347 | D:3      | Found Faywn's Armour Boutique.
  1479 | D:3      | Learned a level 3 spell: Spider Form
  1666 | D:3      | Found Benguda's Antique Armour Emporium.
  1710 | D:3      | Found Samnoraufu's Jewellery Boutique.
  1931 | D:3      | Found Toashurch's General Store.
  2511 | D:5      | Entered Level 5 of the Dungeon
  2887 | D:5      | Reached skill level 4 in Unarmed Combat
  2887 | D:5      | Reached skill level 1 in Poison Magic
  2887 | D:5      | Reached XP level 4. HP: 10/28 MP: 3/7
  3281 | D:4      | Reached XP level 5. HP: 21/33 MP: 8/8
  3474 | D:5      | Found an iron altar of Okawaru.
  3571 | D:5      | Reached XP level 6. HP: 11/38 MP: 3/9
  3897 | D:5      | Reached skill level 5 in Unarmed Combat
  4400 | D:5      | Reached XP level 7. HP: 43/43 MP: 11/11
  4454 | D:5      | Found a burning altar of Makhleb.
  5165 | D:6      | Found a runed translucent door.
  5166 | D:6      | Noticed Crazy Yiuf
  5330 | D:7      | Found a staircase to the Ecumenical Temple.
  5337 | Temple   | Entered the Ecumenical Temple
  5362 | Temple   | Became a worshipper of Gozag Ym Sagoz the Greedy
  5451 | D:7      | Noticed a yak
  5451 | D:7      | Noticed a yak
  5493 | D:7      | Noticed a yak
  5504 | D:7      | Killed a yak
  5505 | D:7      | Reached skill level 6 in Unarmed Combat
  6355 | D:2      | Reached XP level 8. HP: 42/48 MP: 12/12
  6441 | D:2      | Found a glowing golden altar of the Shining One.
  6449 | D:2      | Learned a level 4 spell: Ice Form
  6556 | D:2      | Found a faded altar of an unknown god.
  7455 | D:7      | Killed a yak
  7456 | D:7      | Reached skill level 1 in Ice Magic
  7665 | D:6      | Reached skill level 7 in Unarmed Combat
  8087 | D:7      | Slain by a gnoll

Illustrated notes

Levels and vault maps discovered:
D:1:      dpeg_arrival_concentric_ovals, layout_loops_ring, serial_shops, shop,
          chequers_serial_rivers_small_3
D:2:      layout_basic, ebering_ecumenical_altar_rust, basic_altar
D:3:      layout_loops_corners, serial_shops, shop, nicolae_shop_trees, shop,
          nicolae_shop_crystal, nicolae_shop_trees,
          chequers_serial_rivers_large_a
D:4:      layout_cave_pools, nrook_campfire, minmay_checkerbox
D:5:      layout_loops_ring, makhleb_altar_promises_db,
          okawaru_metal_pillars_1_2, minmay_manual_maat
D:6:      layout_loops_ring, uniq_crazy_yiuf_cottage
D:7:      layout_basic, kennysheep_little_box, mainiacjoe_overflow_24_doors,
          minmay_temple_entry_stoned_glass, minmay_statues_item
Temple:   regret_index_temple_waves

Skill      XL: |  1  2  3  4  5  6  7  8 |
---------------+-------------------------+-----
Unarmed Combat | 4 5 6 7 |  7.1
Poison Magic   | 1 2 3 4 |  4.3
Dodging        | 3 |  3.9
Transmutations | 3 |  3.8
Spellcasting   | 3 |  3.6
Ice Magic      | 1 |  1.6
Fighting       | |  1.9

Action                   |  1- 3 |  4- 6 |  7- 9 || total
-------------------------+-------+-------+-------++-------
Melee: Unarmed           |    90 |    68 |   124 ||   282
       Constrict         |    22 |     8 |     7 ||    37
       Tentacles         |    11 |     3 |     7 ||    21
       Punch             |     1 |     1 |     1 ||     3
       Kick              |     2 |       |     1 ||     3
 Cast: Spider Form       |     3 |     7 |    13 ||    23
       Beastly Appendage |     1 |       |     1 ||     2
 Stab: Sleeping          |    10 |     2 |     5 ||    17
Armor: Skin              |     5 |     5 |     1 ||    11
Dodge: Dodged            |    63 |    48 |    93 ||   204
